Map: Orbital Shipyard

Players

Harstem - Winner!

  • Race: Protoss Protoss

llllllllllll

  • Race: Protoss Protoss

Event: Root's WW3

VOD

Have the link to the VOD?

Description

Time

  • Played on: Dec. 11, 2015, 9:24 a.m.
  • Length: 16:57

All games in this series

Show
View Real Time Build Order
Export as new Build Order

Harstem Protoss - Winner!

Build Orders: 1 Gate Expand, Oracle Opening 

Get SALT Encoding   

  12  0:01  Probe (Chrono Boost)  
  13  0:11  Probe (Chrono Boost)  
  14  0:19  Pylon  
  14  0:22  Probe (Chrono Boost)  
  15  0:37  Probe (Chrono Boost), Gateway  
  16  0:47  Probe (Chrono Boost)  
  16  0:49  Assimilator  
  17  0:58  Probe (Chrono Boost)  
  18  1:09  Probe (Chrono Boost)  
  19  1:21  Nexus  
  19  1:30  Cybernetics Core  
  19  1:32  Probe (Chrono Boost)  
  20  1:42  Probe (Chrono Boost), Assimilator  
  21  1:52  Pylon  
  21  1:53  Probe (Chrono Boost)  
  22  2:03  Probe (Chrono Boost)  
  23  2:08  Warp Gate  
  23  2:10  Stalker (Chrono Boost)  
  23  2:14  Probe  
  26  2:26  Probe (Chrono Boost)  
  27  2:33  Probe (Chrono Boost)  
  28  2:37  Stalker (Chrono Boost), Probe (Chrono Boost)  
  28  2:43  Stargate  
  28  2:44  Probe (Chrono Boost)  
  32  2:48  Probe (Chrono Boost)  
  33  2:53  Probe (Chrono Boost)  
  34  2:59  Probe  
  34  3:03  Probe  
  34  3:05  Adept (Chrono Boost), Pylon  
  38  3:11  Probe (Chrono Boost)  
  39  3:15  Probe (Chrono Boost)  
  40  3:22  Probe (Chrono Boost)  
  40  3:24  Probe (Chrono Boost)  
  40  3:26  Oracle (Chrono Boost)  
  45  3:34  Probe x2  
  46  3:35  Robotics Facility  
  46  3:38  Assimilator  
  47  3:43  Assimilator  
  47  3:44  Pylon  
  47  3:45  Probe  
  47  3:46  Probe  
  49  3:57  Probe (Chrono Boost)  
  49  3:58  Probe (Chrono Boost)  
  49  3:59  Gateway  
  49  4:01  Gateway  
  51  4:08  Probe (Chrono Boost)  
  51  4:09  Mothership Core (Chrono Boost)  
  54  4:13  Stalker  
  54  4:14  Pylon  
  56  4:18  Probe (Chrono Boost)  
  56  4:22  Pylon  
  57  4:25  Observer (Chrono Boost)  
  58  4:38  Nexus  
  58  4:42  Pylon  
  58  4:44  Immortal (Chrono Boost)  
  58  4:45  Probe  
  63  5:00  Probe (Chrono Boost)  
  63  5:01  Probe (Chrono Boost)  
  63  5:03  Stalker x3  
  63  5:04  Twilight Council  
  71  5:12  Probe (Chrono Boost)  
  72  5:17  Pylon  
  72  5:19  Probe (Chrono Boost)  
  72  5:20  Pylon  
  73  5:23  Probe (Chrono Boost)  
  73  5:24  Immortal (Chrono Boost)  
  73  5:28  Forge  
  78  5:30  Probe  
  78  5:33  Probe  
  80  5:38  Blink (Chrono Boost)  
  80  5:39  Sentry  
  80  5:42  Probe  
  83  5:43  Pylon  
  83  5:44  Probe  
  84  5:53  Probe  
  84  5:54  Probe  
  86  5:57  Gateway  
  86  5:58  Protoss Ground Weapons Level 1 (Chrono Boost)  
  86  6:00  Gateway  
  86  6:04  Stalker x2  
  86  6:05  Probe x2  
  93  6:11  Probe  
  93  6:16  Gateway  
  93  6:19  Stalker  
  93  6:20  Probe  
  96  6:28  Robotics Bay  
  96  6:29  Probe, Pylon  
  96  6:31  Sentry  
  96  6:32  Pylon  
  101  6:37  Assimilator  
  101  6:39  Immortal (Chrono Boost)  
  101  6:41  Probe  
  101  6:42  Assimilator  
  101  6:44  Photon Cannon  
  102  6:48  Stalker x2  
  102  6:53  Stalker  
  108  7:01  Pylon  
  108  7:02  Probe, Pylon  
  97  7:11  Stalker x2  
  97  7:12  Stalker x2  
  95  7:17  Stalker  
  92  7:23  Stalker  
  86  7:31  Pylon  
  86  7:32  Immortal (Chrono Boost)  
  86  7:35  Stalker x4  
  98  7:38  Probe  
  98  7:39  Probe x2  
  98  7:42  Stalker  
  103  7:47  Stalker  
  103  7:50  Probe (Chrono Boost)  
  106  7:51  Probe (Chrono Boost)  
  106  7:52  Probe (Chrono Boost)  
  108  8:01  Probe (Chrono Boost)  
  108  8:02  Probe (Chrono Boost)  
  108  8:03  Probe (Chrono Boost)  
  111  8:08  Disruptor (Chrono Boost), Photon Cannon  
  111  8:09  Protoss Ground Weapons Level 2  
  111  8:15  Probe (Chrono Boost)  
  111  8:18  Probe (Chrono Boost), Adept  
  115  8:20  Photon Cannon  
  115  8:24  Pylon  
  115  8:25  Robotics Facility  
  115  8:35  Stalker  
  115  8:38  Nexus, Disruptor (Chrono Boost)  
  115  8:40  Pylon  
  120  8:46  Photon Cannon  
  120  8:47  Probe (Chrono Boost)  
  120  8:48  Probe (Chrono Boost)  
  122  8:51  Gravitic Drive (Chrono Boost)  
  122  8:53  Probe  
  123  9:02  Stalker x2  
  123  9:03  Stalker  
  129  9:10  Probe  
  129  9:12  Warp Prism (Chrono Boost)  
  129  9:15  Disruptor (Chrono Boost)  
  131  9:25  Stalker x4  
  131  9:30  Photon Cannon  
  139  9:34  Photon Cannon  
  132  9:45  Disruptor (Chrono Boost)  
  132  9:47  Disruptor (Chrono Boost)  
  132  9:49  Stalker x3  
  132  9:50  Pylon  
  141  9:57  Dark Shrine  
  141  10:03  Probe  
  141  10:06  Pylon  
  141  10:08  Stalker x2  
  141  10:09  Stalker  
  147  10:14  Probe  
  147  10:16  Photon Cannon  
  144  10:22  Stalker x3  
  144  10:26  Protoss Ground Weapons Level 3  
  150  10:29  Assimilator  
  150  10:34  Assimilator  
  150  10:42  Adept  
  150  10:43  Stalker x2  
  150  10:47  Observer (Chrono Boost)  
  150  10:52  Adept  
  119  10:59  Disruptor (Chrono Boost)  
  122  11:06  Disruptor (Chrono Boost)  
  122  11:15  Dark Templar x2  
  112  11:21  Probe, Adept x3  
  107  11:26  Probe  
  107  11:30  Probe  
  109  11:33  Probe  
  109  11:42  Probe  
  95  11:56  Stalker x2, Probe  
  95  11:57  Stalker  
  95  12:00  Probe  
  97  12:07  Stalker  
  97  12:08  Stalker  
  101  12:12  Probe  
  101  12:13  Probe  
  101  12:14  Probe  
  96  12:22  Probe  
  90  12:26  Probe x2  
  93  12:33  Probe  
  94  12:38  Probe x2  
  94  12:40  Assimilator  
  94  12:42  Stalker x3, Pylon  
  94  12:43  Probe  
  102  12:50  Probe  
  102  12:52  Probe, Immortal (Chrono Boost)  
  107  13:02  Nexus  
  107  13:10  Probe, Pylon  
  107  13:11  Sentry  
  108  13:13  Probe  
  108  13:14  Probe  
  108  13:20  Stalker  
  111  13:27  Observer (Chrono Boost)  
  111  13:31  Observer Gravitic Boosters  
  111  13:33  Disruptor (Chrono Boost)  
  114  13:43  Stalker x2  
  118  13:57  Stalker x2  
  122  14:16  Stalker x2  
  122  14:17  Stalker  
  128  14:20  Photon Cannon  
  128  14:31  Dark Templar x2  
  130  14:37  Photon Cannon  
  132  14:55  Stalker x3  
  136  15:06  Disruptor (Chrono Boost)  
  139  15:10  Probe x2 (Chrono Boost)  
  139  15:12  Probe (Chrono Boost)  
  139  15:13  Probe (Chrono Boost)  
  141  15:19  Warp Prism (Chrono Boost)  
  141  15:20  Probe  
  143  15:21  Probe  
  143  15:28  Sentry  
  145  15:43  Pylon  
  145  15:44  Pylon x2  
  145  15:49  Templar Archives  
  141  16:07  Disruptor (Chrono Boost)  
  141  16:10  Disruptor (Chrono Boost)  
  147  16:13  Stalker x2, Dark Templar  
  150  16:26  Probe  
  133  16:46  Stalker  
  133  16:47  Stalker x3  
Show
View Real Time Build Order
Export as new Build Order

llllllllllll Protoss 

Build Orders: Nexus First 

Get SALT Encoding   

  12  0:01  Probe (Chrono Boost)  
  13  0:11  Probe (Chrono Boost)  
  14  0:18  Pylon  
  14  0:22  Probe (Chrono Boost)  
  15  0:36  Probe (Chrono Boost)  
  16  0:46  Probe (Chrono Boost)  
  17  0:56  Nexus  
  17  1:06  Gateway  
  17  1:09  Probe (Chrono Boost)  
  18  1:15  Assimilator  
  18  1:20  Probe (Chrono Boost)  
  18  1:22  Assimilator  
  19  1:30  Probe (Chrono Boost)  
  20  1:41  Probe (Chrono Boost)  
  20  1:43  Gateway  
  21  1:51  Probe (Chrono Boost)  
  21  1:53  Cybernetics Core  
  22  2:02  Probe (Chrono Boost)  
  23  2:08  Probe (Chrono Boost)  
  23  2:12  Probe (Chrono Boost)  
  25  2:19  Probe (Chrono Boost)  
  26  2:22  Pylon  
  26  2:23  Probe (Chrono Boost)  
  26  2:28  Stalker (Chrono Boost), Probe (Chrono Boost)  
  30  2:30  Warp Gate  
  30  2:33  Probe  
  31  2:39  Stalker (Chrono Boost)  
  31  2:40  Probe (Chrono Boost)  
  34  2:46  Mothership Core (Chrono Boost)  
  36  2:52  Probe (Chrono Boost)  
  36  2:56  Stalker  
  39  3:03  Probe (Chrono Boost)  
  39  3:04  Probe (Chrono Boost)  
  41  3:06  Pylon  
  41  3:10  Stalker  
  43  3:13  Probe (Chrono Boost)  
  43  3:15  Probe (Chrono Boost)  
  45  3:20  Robotics Facility  
  45  3:24  Probe (Chrono Boost)  
  45  3:25  Probe (Chrono Boost)  
  47  3:34  Probe (Chrono Boost)  
  47  3:35  Gateway  
  47  3:39  Probe (Chrono Boost)  
  49  3:41  Assimilator  
  49  3:42  Assimilator  
  49  3:45  Probe (Chrono Boost)  
  50  3:51  Probe (Chrono Boost)  
  50  3:55  Twilight Council, Pylon, Probe (Chrono Boost)  
  52  3:58  Pylon  
  52  4:01  Probe (Chrono Boost)  
  53  4:06  Probe (Chrono Boost)  
  54  4:10  Pylon  
  54  4:13  Probe (Chrono Boost), Observer (Chrono Boost)  
  54  4:15  Probe (Chrono Boost)  
  54  4:16  Gateway  
  57  4:31  Blink (Chrono Boost)  
  57  4:33  Immortal (Chrono Boost)  
  57  4:34  Stalker x2  
  57  4:35  Stalker  
  67  4:49  Forge  
  67  4:58  Stalker x2  
  71  5:11  Stalker  
  71  5:12  Stalker  
  71  5:13  Nexus  
  75  5:15  Pylon  
  75  5:23  Protoss Ground Weapons Level 1 (Chrono Boost)  
  75  5:27  Stalker  
  77  5:31  Pylon  
  77  5:35  Stalker, Pylon  
  79  5:36  Stalker  
  81  5:43  Stalker  
  81  5:47  Pylon  
  83  5:56  Pylon  
  83  6:02  Warp Prism (Chrono Boost)  
  84  6:08  Stalker x4  
  92  6:13  Probe x2  
  94  6:22  Pylon  
  94  6:31  Stalker x4  
  98  6:56  Stalker x3, Probe  
  98  6:57  Stalker  
  98  6:58  Probe x2  
  109  7:07  Probe  
  95  7:10  Probe x2  
  92  7:17  Probe  
  92  7:22  Probe x2  
  91  7:25  Immortal  
  91  7:28  Stalker x4, Probe, Protoss Ground Weapons Level 2 (Chrono Boost)  
  92  7:34  Probe x2  
  94  7:38  Probe  
  95  7:46  Probe x2, Robotics Facility  
  95  7:47  Robotics Bay, Assimilator  
  95  7:49  Probe  
  95  7:50  Assimilator  
  99  7:58  Probe x2  
  99  8:00  Probe  
  99  8:04  Stalker x3, Pylon  
  107  8:10  Probe x3  
  110  8:18  Photon Cannon  
  110  8:19  Photon Cannon  
  110  8:21  Photon Cannon  
  110  8:34  Disruptor x2 (Chrono Boost)  
  110  8:38  Stalker x2  
  110  8:39  Stalker x2  
  124  8:42  Pylon  
  124  8:58  Nexus  
  124  8:59  Pylon  
  124  9:05  Disruptor (Chrono Boost)  
  124  9:06  Disruptor (Chrono Boost)  
  124  9:08  Stalker x3  
  124  9:09  Stalker  
  138  9:14  Pylon  
  138  9:36  Disruptor (Chrono Boost)  
  138  9:37  Disruptor (Chrono Boost)  
  137  9:49  Zealot  
  137  9:50  Zealot x3  
  137  9:52  Probe x2  
  147  9:53  Probe  
  148  10:10  Disruptor x2 (Chrono Boost)  
  148  10:13  Assimilator  
  154  10:19  Assimilator  
  152  10:22  Photon Cannon  
  152  10:23  Photon Cannon  
  152  10:25  Photon Cannon  
  152  10:26  Photon Cannon  
  152  10:28  Photon Cannon  
  152  10:29  Stargate  
  152  10:30  Pylon, Stargate  
  152  10:31  Stargate  
  152  10:42  Zealot x2  
  152  10:43  Zealot x2  
  138  11:08  Stalker x2  
  138  11:09  Stalker x2  
  135  11:25  Observer (Chrono Boost)  
  135  11:31  Pylon  
  129  11:33  Pylon x2  
  129  11:38  Stalker x4  
  129  11:39  Pylon  
  136  11:41  Pylon x2  
  136  11:42  Pylon  
  136  11:44  Pylon  
  136  11:45  Pylon  
  132  12:05  Stalker x4  
  130  12:29  Pylon  
  130  12:36  Nexus  
  130  12:39  Stalker x4  
  135  13:27  Probe x2  
  135  13:32  Robotics Facility  
  135  13:33  Robotics Bay, Robotics Facility  
  137  13:39  Probe  
  138  13:46  Probe  
  139  13:48  Probe  
  139  13:52  Probe  
  139  13:54  Nexus  
  140  13:57  Pylon  
  140  13:58  Probe  
  140  13:59  Probe  
  142  14:09  Stalker x4  
  150  14:26  Disruptor (Chrono Boost)  
  150  14:31  Disruptor x2 (Chrono Boost)  
  160  14:38  Probe x2  
  161  14:49  Stalker x4  
  169  14:57  Disruptor (Chrono Boost)  
  172  15:05  Observer x2 (Chrono Boost)  
  174  15:09  Stargate  
  169  15:15  Photon Cannon  
  169  15:17  Photon Cannon  
  161  15:45  Stalker  
  161  15:46  Stalker  
  156  16:07  Fleet Beacon, Stargate  
  72  16:47  Stalker x2  
  72  16:48  Stalker  
Tags
 
Add a new tag
Caveats
  • Supply blocks, unpowered buildings, or Contaminate may cause inaccurate times.
  • Supply counts are checked every 10 seconds.